 Dungeon Crawl Stone Soup version 0.30-a0-718-geaa24f58ff (webtiles) character file.

Game seed: 2246969972849931151

8369 rageheart7 the Fighter (level 10, -19/93 HPs)
             Began as a Demigod Delver on Jan 25, 2023.
             Killed from afar by a lindwurm (27 damage)
             ... with a blast of flame
             ... in a volcano.
             The game lasted 00:23:04 (9373 turns).

rageheart7 the Fighter (Demigod Delver)             Turns: 9373, Time: 00:23:05

Health: -19/93     AC: 10    Str: 24    XL:     10   Next: 83%
Magic:  0/24       EV: 12    Int: 14    God:
Gold:   977        SH:  0    Dex: 15    Spells: 12/22 levels left

rFire   . . .      SeeInvis .    f - +2 quarterstaff (vamp)
rCold   . . .      Faith    .    (shield currently unavailable)
rNeg    . . .      Spirit   +    p - +3 leather armour of Prudence {Str+3}
rPois   .          Reflect  .    (no helmet)
rElec   .          Harm     .    q - +1 cloak
rCorr   .          Rampage  .    r - +0 pair of gloves
Will    +....                    (no boots)
Stlth   +++                      x - amulet of guardian spirit
HPRegen 1.15/turn                (no ring)
MPRegen 0.19/turn                (no ring)

@: flying
A: high MP 1, forlorn, divine attributes, fangs 1, dopey 1, regeneration 1
a: no special abilities


You were in a volcano.
You visited 2 branches of the dungeon, and saw 10 of its levels.
You also visited: Volcano.

You collected 1052 gold pieces.
You spent 75 gold pieces at shops.

Inventory:

Hand Weapons
 f - a +2 vampiric quarterstaff (weapon)
Missiles
 e - 22 poisoned darts (quivered)
 z - a throwing net
Armour
 p - the +3 leather armour of Prudence (worn) {Str+3}
   (You took it off Joseph on level 8 of the Dungeon)

   Str:       It affects your strength (+3).
 q - a +1 cloak (worn)
 r - a +0 pair of gloves (worn)
Jewellery
 x - an amulet of guardian spirit (around neck)
Wands
 g - a wand of digging (6)
 y - a wand of flame (9)
 B - a wand of polymorph (7)
Scrolls
 a - 2 scrolls of amnesia
 b - 3 scrolls of enchant weapon
 j - 2 scrolls of teleportation
 l - a scroll of blinking
 v - 5 scrolls of enchant armour
Potions
 h - 5 potions of brilliance
 u - a potion of cancellation


   Skills:
 - Level 10.0 Fighting
 - Level 1.7(5.1) Maces & Flails
 * Level 7.6(7.8) Staves
 + Level 6.6 Armour
 - Level 1.7 Dodging
 - Level 4.5 Stealth
 + Level 6.7 Spellcasting


You had 12 spell levels left.
You knew the following spells:

 Your Spells              Type           Power      Damage    Failure   Level
a - Petrify               Tmut/Erth      4%         N/A       85%         4
b - Statue Form           Tmut/Erth      2%         N/A       100%        6

Your spell library contained the following spells:

 Spells                   Type           Power      Damage    Failure   Level
 Cigotuvi's Dreadful Rot  Necr/Pois/Air  8%         N/A       24%         2
 Dispel Undead            Necr           4%         3d7       85%         4
 Metabolic Englaciation   Hex/Ice        2%         N/A       99%         5
 Death Channel            Necr           2%         N/A       100%        6
 Borgnjor's Revivificati  Necr           2%         N/A       100%        8
 Necromutation            Tmut/Necr      2%         N/A       100%        8
 Death's Door             Necr           2%         N/A       100%        9


Dungeon Overview and Level Annotations

Branches:
Dungeon (8/15)             Temple (0/1) D:7            Lair (2/5) D:8
Volcano (1/1)
  Swamp: Lair:2-3    Shoals: Lair:2-3     Snake: Lair:2-3    Spider: Lair:2-3

Shops:
D:1 [   D:8 (*(

Annotations:
D:3 1 runed translucent door
D:6 2 transporters, Dowan, Duvessa, Menkaure, Pikel


Innate Abilities, Weirdness & Mutations

You have an increased reservoir of magic. (+10% MP)
You shall have no god before yourself.
Your divine heritage dramatically boosts your attributes as you level up.
You have very sharp teeth.
You are dopey. (Int -2)
Your natural rate of healing is unusually fast.


Message History

You hit the hell hound but do no damage.
The hell hound is heavily wounded.
The hell hound misses you.
You barely miss the hell hound.
The hell hound is heavily wounded.
The hell hound closely misses you. The hell hound bites you.
The lindwurm breathes flames at you.
The blast of flame hits the hell hound.
The hell hound completely resists.
The blast of flame hits you!!
* * * LOW HITPOINT WARNING * * *
You hit the hell hound.
You bite the hell hound, but do no damage.
The hell hound is heavily wounded.
The hell hound barely misses you.
You hit the hell hound.
The hell hound is severely wounded.
The hell hound barely misses you.
The hell hound bites you but does no damage.
You barely miss the hell hound.
The hell hound is severely wounded.
The hell hound pauses to sniff the ground.
The hell hound barely misses you.
You hit the hell hound but do no damage.
The hell hound is severely wounded.
The hell hound bites you but does no damage.
You closely miss the hell hound. Your bite misses the hell hound.
The hell hound is severely wounded.
The hell hound bites you but does no damage.
The hell hound closely misses you.
You closely miss the hell hound.
The hell hound is severely wounded.
The hell hound bites you.
You sock the hell hound!
You kill the hell hound!
The lindwurm breathes flames at you. The blast of flame hits you!!
* * * LOW HITPOINT WARNING * * *
The lindwurm breathes flames at you. The blast of flame hits you!!
You die...

≈§ ####### ≈§ +.....+ ≈ .8_8. ...
§§§§§≈≈.# #'# ≈§§≈≈§..# #.#
§≈§§≈≈≈.# #.# §≈§≈§§≈.# #k#
§≈≈≈§§≈.# #@# ≈§§≈§§≈.# #.#
§≈§§≈≈≈.# #.#
≈≈≈§≈≈≈.########'#####
...§§..≈..§..............≈≈≈≈≈
≈≈§§.≈≈≈.≈§§§≈≈§≈§§§§≈≈≈≈≈≈≈§≈≈°§
§≈≈≈§§§§§≈≈§§≈§§≈≈≈≈≈≈≈≈§°§≈§≈§≈§
≈≈≈§≈§§§≈§≈≈≈≈§§≈≈≈§§§≈≈≈≈≈≈≈≈≈≈≈
≈§≈≈≈§§§≈§≈≈§§§§≈≈≈≈§§§≈§≈≈§§§≈§§


You could see a lindwurm (catching breath).

Vanquished Creatures
  Joseph (D:8)
  Prince Ribbit (D:5)
  2 blink frogs (Lair:1)
  12 yaks
  2 wyverns
  Eustachio (D:6)
  5 fire bats
  2 steam dragons (Volcano)
  Edmund (D:6)
  A hell hound (Volcano)
  6 water moccasins
  2 ice beasts
  A black bear (D:8)
  2 orc warriors (D:8)
  3 sky beasts
  A wolf (D:8)
  2 centaurs
  The ghost of Newt the Shooter, an amateur KoHu (D:3)
  2 kobold brigands
  A phantom (D:3)
  5 bullfrogs
  A necrophage (D:6)
  4 gnoll sergeants (D:8)
  3 scorpions
  5 wights (D:8)
  5 killer bees (D:8)
  4 lava snakes (Volcano)
  A jelly (D:6)
  7 hounds
  An orc priest (D:8)
  Crazy Yiuf (D:2)
  A gnoll bouda (D:8)
  4 iguanas
  3 orc wizards (D:8)
  Ijyb (D:5)
  14 gnolls
  6 adders
  3 shadow imps
  An ufetubus (D:6)
  4 worms
  2 dart slugs
  15 orcs
  6 ball pythons
  4 bats
  9 endoplasms
  4 giant cockroaches
  11 goblins
  5 hobgoblins
  4 jackals
  5 quokkas
  3 frilled lizards (D:3)
  24 kobolds
  8 rats
223 creatures vanquished.

Vanquished Creatures (others)
  19 fungi
  30 plants
49 creatures vanquished.

Grand Total: 272 creatures vanquished

Notes
Turn   | Place    | Note
-------+----------+-------------------------------------------
     0 | D:5      | rageheart7 the Demigod Delver began the quest for the Orb.
     0 | D:5      | Reached XP level 1. HP: 18/18 MP: 3/3
    36 | D:5      | Noticed a hound
    66 | D:5      | Noticed a centaur
    67 | D:5      | Noticed Ijyb
    69 | D:5      | Noticed a hound
    91 | D:5      | Noticed an iguana
   100 | D:5      | Noticed a jelly
   119 | D:5      | Noticed an iguana
   124 | D:5      | Reached skill level 3 in Fighting
   223 | D:4      | Reached XP level 2. HP: 25/26 MP: 5/5
   409 | D:4      | Reached skill level 1 in Spellcasting
   696 | D:2      | Reached XP level 3. HP: 31/31 MP: 7/7
  1427 | D:1      | Found Antupoyx's Armour Shop.
  1440 | D:1      | Reached skill level 4 in Fighting
  1933 | D:2      | Reached XP level 4. HP: 34/40 MP: 7/9
  2304 | D:2      | Found a runed translucent door.
  2305 | D:2      | Noticed Crazy Yiuf
  2318 | D:2      | Killed Crazy Yiuf
  2641 | D:3      | Learned a level 4 spell: Petrify
  2863 | D:3      | Found a runed translucent door.
  2914 | D:3      | Noticed a phantom
  2925 | D:3      | Killed a phantom
  2926 | D:3      | Reached skill level 1 in Staves
  2926 | D:3      | Reached XP level 5. HP: 40/47 MP: 9/11
  3003 | D:3      | Found a runed translucent door.
  3005 | D:3      | Noticed Newt's ghost (amateur KoHu)
  3026 | D:3      | Killed Newt's ghost
  3027 | D:3      | Reached skill level 5 in Fighting
  3796 | D:4      | Reached XP level 6. HP: 56/56 MP: 12/12
  4004 | D:4      | Gained mutation: You have very sharp teeth. [potion of
                  | mutation]
  4004 | D:4      | Gained mutation: You are dopey. (Int -2) [potion of
                  | mutation]
  4004 | D:4      | Gained mutation: Your natural rate of healing is unusually
                  | fast. [potion of mutation]
  4097 | D:5      | Killed Ijyb
  4151 | D:5      | Noticed a water moccasin
  4166 | D:5      | Killed a water moccasin
  4167 | D:5      | Reached skill level 1 in Armour
  4380 | D:5      | Reached skill level 6 in Fighting
  4385 | D:5      | Reached XP level 7. HP: 51/63 MP: 10/15
  4534 | D:5      | Noticed Prince Ribbit
  4556 | D:5      | Killed Prince Ribbit
  5052 | D:6      | Noticed Eustachio
  5053 | D:6      | Noticed Menkaure
  5075 | D:6      | Killed Eustachio
  5076 | D:6      | Reached skill level 7 in Fighting
  5105 | D:6      | Found a transporter.
  5105 | D:6      | Noticed Dowan
  5107 | D:6      | Noticed Duvessa
  5108 | D:6      | Noticed Pikel
  5111 | D:6      | Noticed a wraith
  5121 | D:6      | Reached XP level 8. HP: 59/73 MP: 14/17
  5157 | D:6      | Found a transporter.
  5305 | D:6      | Noticed Edmund
  5335 | D:6      | Killed Edmund
  5573 | D:6      | Reached skill level 8 in Fighting
  6338 | D:7      | Found a staircase to the Ecumenical Temple.
  6582 | D:7      | Reached XP level 9. HP: 60/82 MP: 11/20
  6642 | D:7      | Reached skill level 5 in Spellcasting
  6941 | D:7      | Reached skill level 9 in Fighting
  7147 | D:7      | Reached skill level 5 in Armour
  7185 | D:7      | Learned a level 6 spell: Statue Form
  7244 | D:8      | Found Zukeh's Weapon Boutique.
  7620 | D:8      | Reached skill level 5 in Staves
  7636 | D:8      | Found Hoicroth's General Store.
  7681 | D:8      | HP: 4/84 [poisoned by a killer bee]
  7796 | D:8      | Bought a potion of heal wounds for 75 gold pieces
  7948 | D:8      | Identified the +3 leather armour of Prudence {Str+3}
  7948 | D:8      | Noticed Joseph
  7983 | D:8      | Killed Joseph
  7984 | D:8      | Reached XP level 10. HP: 36/92 MP: 4/22
  8251 | D:8      | Reached skill level 10 in Fighting
  8312 | D:8      | Found Pastrot's Weapon Boutique.
  8344 | D:8      | Found a staircase to the Lair.
  8547 | D:8      | Identified a scroll of acquirement
  8547 | D:8      | Acquired 649 gold pieces
  8629 | Lair:1   | Entered Level 1 of the Lair of Beasts
  8652 | Lair:1   | You fall into a shaft and drop 1 floor!
  8737 | Lair:1   | Noticed a black mamba
  8749 | Lair:1   | HP: 3/93 [black mamba (9)]
  8957 | Lair:1   | Found a dark tunnel.
  8966 | Volcano  | Entered a volcano
  9209 | Volcano  | HP: 1/93 [fire bat (6)]
  9344 | Volcano  | Noticed a lindwurm
  9373 | Volcano  | Killed from afar by a lindwurm

Illustrated notes

Levels and vault maps discovered:
D:1:      mrwooster_arrival_statue_3, layout_loops_corners, serial_shops,
          nicolae_shop_advertising_works [nicolae_subvault_shop_adworks],
          minmay_tripent
D:2:      layout_basic, uniq_crazy_yiuf_cottage
D:3:      layout_basic, ebering_ghost_sewer_f,
          hellmonk_ecumenical_altar_blasted, kennysheep_generic_room_12
D:4:      layout_gridville, minmay_cut_off
D:5:      layout_basic, guppyfry_early_lair_pool, uniq_ijyb, uniq_prince_ribbit1
D:6:      layout_basic, gammafunk_temple_of_torment, uniq_menkaure,
          uniq_eustachio, uniq_edmund, uniq_duvessa, uniq_pikel
D:7:      layout_gridville, nicolae_hepliaklqana_hazy_memory, temple_doors_e,
          minmay_misc_feat_alley
D:8:      layout_cave_pools, lemuel_crystal_altar,
          mainiacjoe_overflow_cross_hatched, okawaru_altar_gauntlet_db,
          grunt_lair_entry_orc_guard_hut, serial_gnoll_camp,
          gnoll_camp_huts_basic, gnoll_camp_mini_basic,
          gnoll_camp_mini_loothouse, gnoll_camp_mini_hut, serial_shops,
          nicolae_shop_stone, nicolae_shop_temple_entry_statues_fountains, shop,
          uniq_joseph
Lair:1:   layout_regular_city, basic_altar, nicolae_volcano_entry_batcave
Lair:2:   layout_cave_pods, minmay_shoals_entry_beasts, uniq_gastronok
Volcano:  volcano_lake [vl_original]

Skill      XL: |  1  2  3  4  5  6  7  8  9 10 |
---------------+-------------------------------+-----
Fighting       | 3 4 5 6 7 8 9 10 | 10.0
Spellcasting   | 1 2 3 4 5 6 |  6.7
Staves         | 1 3 5 7 |  7.6
Armour         | 1 3 4 5 6 |  6.6
Maces & Flails | |  1.7
Dodging        | |  1.7
Stealth        | |  4.5

Action                     |  1- 3 |  4- 6 |  7- 9 | 10-12 || total
---------------------------+-------+-------+-------+-------++-------
  Melee: Mace              |   118 |    19 |       |       ||   137
         Punch             |     1 |       |     2 |       ||     3
         Quarterstaff      |       |    56 |   331 |   237 ||   624
         Dagger            |       |    93 |    56 |       ||   149
         Bite              |       |     6 |    70 |    32 ||   108
         Unarmed           |       |     3 |       |       ||     3
         Rapier            |       |       |   115 |       ||   115
  Throw: Dart              |     4 |     1 |     5 |     6 ||    16
  Evoke: Wand              |       |       |     1 |     9 ||    10
    Use: Scroll            |     2 |     7 |     6 |    11 ||    26
         Potion            |       |     2 |     6 |     3 ||    11
   Stab: Sleeping          |     6 |       |       |       ||     6
         Paralysed         |       |       |     2 |     4 ||     6
         Distracted        |       |       |     1 |       ||     1
 Armour: Ring mail         |    20 |       |       |       ||    20
         Plate armour      |    53 |    95 |    56 |       ||   204
         Leather armour    |       |       |   170 |    91 ||   261
  Dodge: Dodged            |    69 |    44 |   314 |   156 ||   583

Table legend: (Time is in decaauts)
 A = Elapsed time spent in this place.
 B = Non-inter-level travel time spent in this place.
 C = Inter-level travel time spent in this place.
 D = Time resting spent in this place.
 E = Time spent auto-exploring this place.
 F = Levels seen in this place.
 G = Mean time per level.
                   A        B        C        D        E       F      G
               +--------+--------+--------+--------+--------+-----+--------+
         Total |   9432 |   9194 |    238 |    260 |   6233 |  11 |  857.5 |
       Dungeon |   8696 |   8458 |    238 |    133 |   6192 |   8 | 1087.0 |
          Lair |    332 |    332 |      0 |     68 |     14 |   2 |  166.0 |
       Volcano |    403 |    403 |      0 |     59 |     27 |   1 |  403.0 |
               +--------+--------+--------+--------+--------+-----+--------+

Top non-repeatable levels by time:
     D:8: 1392 daAuts
     D:6: 1201 daAuts
     D:7: 1178 daAuts
     D:2: 1114 daAuts
     D:1: 1057 daAuts
     D:5: 1021 daAuts
     D:3: 1019 daAuts
     D:4: 710 daAuts
 Volcano: 403 daAuts
  Lair:1: 294 daAuts
  Lair:2: 38 daAuts
